 Dungeon Crawl Stone Soup version 0.13-a0-2450-ga447c6a (webtiles) character file.

214 Rycklaryybbe the Insei (level 4, 0/30 HPs)
             Began as an Octopode Monk on July 17, 2013.
             Slain by Purgy (9 damage)
             ... on Level 3 of the Dungeon.
             The game lasted 00:04:39 (2503 turns).

Rycklaryybbe the Insei (Octopode Monk)              Turns: 2503, Time: 00:04:39

HP   0/30        AC  1     Str 10      XL: 4   Next: 30%
MP   3/3         EV 14     Int 12      God:
Gold 140         SH  0     Dex 15      Spells:  0 memorised,  3 levels left

Res.Fire  : . . .   See Invis. : .     - Unarmed
Res.Cold  : . . .   Warding    : .   (no shield)
Life Prot.: . . .   Conserve   : .   (helmet restricted)
Res.Poison: .       Res.Corr.  : .   (no amulet)
Res.Elec. : .       Clarity    : .   (no ring)
Sust.Abil.: . .     Spirit.Shd : .   (no ring)
Res.Mut.  : .       Stasis     : .   (no ring)
Res.Rott. : .       Flight     : .   (no ring)
Saprovore : . . .                    (no ring)
                                     (no ring)
                                     (no ring)
                                     (no ring)

@: slowed, very slow, slightly resistant to hostile enchantments, quite stealthy
A: almost no armour, amphibious, 8 rings, constrict 8, camouflage 1, AC +1
a: no special abilities


You were on level 3 of the Dungeon.
You were not hungry.

You visited 1 branch of the dungeon, and saw 3 of its levels.

You collected 140 gold pieces.

Inventory:

Hand weapons
 l - a +0,+0 spear
Missiles
 g - a dart (quivered)
 h - a throwing net
Comestibles
 a - a meat ration
 b - 3 bread rations
 w - a choko
 B - 2 chunks of hobgoblin flesh
Scrolls
 c - 3 scrolls of remove curse {unknown}
 d - 5 scrolls of magic mapping {unknown}
 f - a scroll of curse weapon {unknown}
 i - 2 scrolls of curse armour {unknown}
 j - a scroll of enchant weapon I {unknown}
 k - a scroll of identify {unknown}
 m - 2 scrolls of recharging {unknown}
 p - 2 scrolls of enchant weapon II {unknown}
 r - a scroll of noise {unknown}
 s - a scroll of fear {unknown}
 u - a scroll of enchant armour {unknown}
 x - a scroll of amnesia {unknown}
 y - a scroll of random uselessness {unknown}
 z - a scroll of teleportation {unknown}
Jewellery
 A - an uncursed ring of protection from cold {unknown}
Potions
 e - a potion of slowing
 n - a potion of flight {unknown}
 o - a potion of heal wounds {unknown}
 q - a potion of paralysis {unknown}
 t - a potion of brilliance {unknown}
 v - a potion of poison {unknown}


   Skills:
 - Level 3.0 Fighting
 + Level 4.4 Dodging
 - Level 2.6 Stealth
 + Level 4.6 Unarmed Combat


You had 3 spell levels left.
You didn't know any spells.

Dungeon Overview and Level Annotations

Branches:
Dungeon (3/27)

Altars:
Trog
Zin

Annotations
D:3 Purgy


Innate Abilities, Weirdness & Mutations

You cannot wear most types of armour.
You are amphibious.
You can wear up to eight rings at the same time.
You can use your tentacles to constrict many enemies at once.
Your skin changes colour to match your surroundings (Stlth).
Your rubbery body absorbs attacks (AC +1).


Message History

Purgy misses you. Purgy barely misses you. Purgy misses you.
You hit Purgy. Your squeeze misses Purgy.
Purgy is severely wounded.
Purgy misses you. Purgy claws you. Purgy barely misses you.
You barely miss Purgy.
Purgy is severely wounded.
You closely miss Purgy. You squeeze Purgy.
Purgy is almost dead.
Purgy misses you. Purgy completely misses you.
You hit Purgy.
Purgy is almost dead.
Purgy closely misses you. Purgy claws you.
* * * LOW HITPOINT WARNING * * *
Drink which item? (? for menu, Esc to quit)
You feel yourself slow down.
It was a potion of slowing.
Purgy snarls, "Go!
Away!"
Purgy bites you!
You die...

...# #.>.># ##.# ##.#.# #.#
#.#.# #.# # ##.#.##
#.##################..####......
#.#....>........................
#.#.###########..###..###......#
#.#.# #..# #. ##..%...# ##.#.#
#@$# #..##.......# .).#.# #T.#
#............ .###.# #..#
#.###..###### ...#.# #..#
#..(....<.# ##...# #..#
#####..##.# ...### #... ....# ..
.### #.## ###### ## .# #.# ##
#.#


You could see Purgy.

Vanquished Creatures
  3 worms (D:2)
  2 giant geckos
  An ooze (D:2)
  A ball python (D:3)
  8 bats
  2 giant cockroaches (D:2)
  4 hobgoblins
  5 kobolds
  3 quokkas
  2 giant newts (D:1)
  9 goblins
  4 jackals
  5 rats
49 creatures vanquished.

Notes
Turn   | Place    | Note
--------------------------------------------------------------
     0 | D:1      | Rycklaryybbe, the Octopode Monk, began the quest for the Orb.
     0 | D:1      | Reached XP level 1. HP: 14/14 MP: 0/0
   244 | D:1      | Reached XP level 2. HP: 19/19 MP: 1/1
   681 | D:1      | Found a bloodstained altar of Trog.
   796 | D:2      | Reached XP level 3. HP: 11/25 MP: 2/2
  1886 | D:2      | Reached XP level 4. HP: 8/30 MP: 3/3
  2169 | D:3      | Found a glowing silver altar of Zin.
  2491 | D:3      | Noticed Purgy
  2503 | D:3      | Slain by Purgy

Action                   |  1- 3 |  4- 6 || total
-------------------------+-------+-------++-------
Melee: Unarmed           |    99 |    37 ||   136
  Use: Potion            |       |     1 ||     1
 Stab: Sleeping          |     8 |     5 ||    13
